 Dungeon Crawl Stone Soup version 0.31-a0-702-gf82c85558f (webtiles) character file.

Game seed: 5611571120873441572

114 qw the Shooter (level 4, 0/28 HPs)
             Began as a Gargoyle Hunter on Sept 8, 2023.
             Killed by divine providence
             ... invoked by an orc priest
              (11 damage)
             ... on level 3 of the Dungeon.
             The game lasted 00:00:38 (1939 turns).

qw the Shooter (Gargoyle Hunter)                    Turns: 1939, Time: 00:00:39

Health: 0/28       AC: 11    Str: 14    XL:     4   Next: 97%
Magic:  4/4        EV: 10    Int: 10    God:
Gold:   118        SH:  0    Dex: 15    Spells: 3/3 levels left

rFire   . . .        Y - +0 shortbow
rCold   . . .        (shield currently unavailable)
rNeg    + . .        d - +0 ring mail
rPois   inf          (no helmet)
rElec   +            f - +2 cloak
rCorr   .            (no gloves)
SInv    .            (no boots)
Will    .....        (no amulet)
Stlth   +            (no ring)
HPRegen 0.24/turn    (no ring)
MPRegen 0.09/turn

%: no passive effects
@: no status effects
A: sickness immunity, AC +3, negative energy resistance 1, electricity
resistance, torment resistance 1, petrification resistance
a: no special abilities


You were on level 3 of the Dungeon.
You visited 1 branch of the dungeon, and saw 3 of its levels.

You collected 118 gold pieces.


Innate Abilities, Weirdness & Mutations

You are immune to sickness and miasma.
Your stone body is resilient. (AC +3)
You are immune to poison.
You resist negative energy. (rN+)
You are resistant to electric shocks. (rElec)
You are resistant to unholy torment.
You are immune to petrification.


   Skills:
 - Level 3.0 Fighting
 + Level 5.6 Ranged Weapons
 - Level 1.0 Armour
 - Level 1.5 Dodging
 - Level 1.1 Stealth


You had 3 spell levels left.
You didn't know any spells.
Your spell library was empty.

Inventory:

Hand Weapons
 Y - a +0 shortbow (weapon)
Armour
 d - a +0 ring mail (worn)
 f - a +2 cloak (worn)
Jewellery
 c - a +5 ring of evasion
Potions
 a - a potion of attraction {unknown}
 b - a potion of curing {unknown}
 e - a potion of heal wounds {unknown}
 h - a potion of berserk rage {unknown}

Dungeon Overview and Level Annotations

Branches:
Dungeon (3/15)

Altars:


Message History

You shoot an arrow. The arrow hits the orc.
The orc is lightly wounded.
Enter note:
Enter note:
1932 |||
Found retreat position at 1,0 (floor) with 0 blocking monsters and 1 monsters attacking at destination at distance 1
1932 ||| Stepping ~*~*~tactically~*~*~ (retreating).
The orc attacks as it pursues you! The orc barely misses you.
Enter note:
Enter note: You shoot an arrow.
The arrow hits the orc.
The orc is severely wounded.
The orc barely misses you.
You shoot an arrow. The arrow completely misses the orc.
The arrow hits the orc wizard.
The orc wizard is lightly wounded.
The orc hits you but does no damage.
You shoot an arrow. The arrow hits the orc.
You kill the orc!
The orc wizard points at you and mumbles some strange words.
The magic dart hits you.
You shoot an arrow. The arrow hits the orc priest.
The orc priest is heavily wounded.
The orc priest hits you but does no damage.
You shoot an arrow.
The arrow hits the orc priest but does no damage.
The orc priest is heavily wounded.
The orc priest casts a cantrip, but nothing happens.
The orc priest mumbles some strange prayers to Beogh against you.
Beogh smites you!
You shoot an arrow. The arrow hits the orc priest.
The orc priest is almost dead.
An orc comes into view. It is wielding a +0 dagger.
The orc wizard gestures wildly while chanting.
The orc wizard flickers and vanishes!
Deactivating autopickup; reactivate with Ctrl-A.
The orc priest looks braver for a moment.
You shoot an arrow. The arrow barely misses the orc priest.
The orc priest invokes the aid of Beogh against you.
Beogh smites you!
You die...

.#....# #.............
.#.######......##.....
.....................
..####.####..#.......
.....# #.....#.#.
.......###.#.#...#
.............#.### ##
#...........##.####...#.
..........%..{o@.o.....
..##........#####.##..
........#...#
#.......####.#
#......o.....#
............o.o..
#....####.##.#... .....
#.. # . .... ##.#


You could see an orc priest and an orc.

Vanquished Creatures
  An orc priest (D:3)
  4 adders
  3 worms (D:2)
  7 orcs (D:3)
  2 bats (D:2)
  2 endoplasms
  2 giant cockroaches
  3 goblins
  A hobgoblin (D:1)
  2 kobolds
  2 quokkas
  3 ball pythons
  2 frilled lizards (D:3)
  A rat (D:2)
35 creatures vanquished.

Notes
Turn   | Place    | Note
-------+----------+-------------------------------------------
     0 | D:1      | qw the Gargoyle Hunter began the quest for the Orb.
     0 | D:1      | Reached XP level 1. HP: 12/12 MP: 1/1
     0 | D:1      | 0 ||| qw: Version: 0.3-a-76-g4403597
     0 | D:1      | 0 ||| qw: Game counter: 1042
     0 | D:1      | 0 ||| qw: Melee chars always use a shield: true
     0 | D:1      | 0 ||| qw: God list: Okawaru
     0 | D:1      | 0 ||| qw: Allow faded altars: false
     0 | D:1      | 0 ||| qw: Do Orc after clearing Dungeon:15 true
     0 | D:1      | 0 ||| qw: Do second Lair branch before Depths: true
     0 | D:1      | 0 ||| qw: Lair rune preference: random
     0 | D:1      | 0 ||| qw: Goals: Normal
     0 | D:1      | 0 ||| PLANNING D:1-11
   332 | D:1      | Reached XP level 2. HP: 17/17 MP: 2/2
   918 | D:1      | 918 ||| UPGRADING to +0 ring mail.
   928 | D:1      | 928 ||| DROPPING +0 leather armour.
   929 | D:1      | 929 ||| UPGRADING to +2 cloak.
   934 | D:1      | 934 ||| READING scroll labelled QUPYID QIHO.
   935 | D:1      | 935 ||| READING scroll labelled LAIPPU FOABA.
  1036 | D:1      | 1036 ||| READING scroll labelled DEEL QUALURRUM.
  1037 | D:1      | 1037 ||| READING scroll labelled WEMYNE COIT.
  1041 | D:1      | 1041 ||| READING scroll labelled VAUPUQI YGRAM.
  1042 | D:1      | 1042 ||| READING scroll labelled YCHEVAQEHO.
  1043 | D:1      | 1043 ||| DRINKING 2 orange potions.
  1083 | D:1      | 1083 ||| DROPPING scroll of butterflies.
  1084 | D:1      | 1084 ||| DROPPING potion of lignification.
  1131 | D:2      | 1131 ||| STAIRDANCE
  1172 | D:2      | Reached skill level 1 in Armour
  1209 | D:2      | Reached XP level 3. HP: 21/21 MP: 3/3
  1318 | D:2      | Found a faded altar of an unknown god.
  1406 | D:2      | Reached skill level 5 in Ranged Weapons
  1536 | D:2      | Reached XP level 4. HP: 27/27 MP: 4/4
  1757 | D:2      | 1757 ||| READING scroll labelled VOAREXACWAR.
  1758 | D:2      | 1758 ||| READING scroll labelled JUHEB GUMYUM.
  1809 | D:3      | Reached skill level 3 in Fighting
  1835 | D:3      | 1835 ||| RETREATING.
  1837 | D:3      | 1837 ||| Stepping ~*~*~tactically~*~*~ (outnumbered).
  1838 | D:3      | 1838 ||| FLEEEEING.
  1842 | D:3      | 1842 ||| Stepping ~*~*~tactically~*~*~ (retreating).
  1924 | D:3      | 1924 ||| RETREATING.
  1927 | D:3      | 1927 ||| Stepping ~*~*~tactically~*~*~ (retreating).
  1929 | D:3      | 1929 ||| Stepping ~*~*~tactically~*~*~ (retreating).
  1932 | D:3      | 1932 ||| Stepping ~*~*~tactically~*~*~ (retreating).
  1939 | D:3      | Killed from afar by an orc priest

Levels and vault maps discovered:
D:1:      dpeg_arrival_connections, layout_loops_corners, serial_bayou_crossing
D:2:      layout_basic, ebering_ecumenical_altar_ruins, minmay_tetromino_s4
D:3:      layout_rooms, minmay_misc_feat_enclosed

Skill      XL: |  1  2  3  4 |
---------------+-------------+-----
Armour         | 1 |  1.0
Ranged Weapons | 5 |  5.6
Fighting       | 3 |  3.0
Dodging        | |  1.5
Stealth        | |  1.1

Action                     |  1- 3 |  4- 6 || total
---------------------------+-------+-------++-------
   Fire: Shortbow          |    88 |    44 ||   132
    Use: Scroll            |     6 |     2 ||     8
         Potion            |     1 |       ||     1
 Armour: Leather armour    |     6 |       ||     6
         Ring mail         |    16 |    14 ||    30
  Dodge: Dodged            |    18 |    13 ||    31

Table legend:
 A = Non-vault XP
 B = Vault XP
 C = Vault XP percentage of total XP
 D = Non-vault monster count
 E = Vault monster count
 F = Vault count percentage of total count
                 A         B        C        D         E       F
            +---------+---------+-------+---------+---------+-------
      Total |     150 |      13 |   8.0 |      34 |       1 |   2.9
            +---------+---------+-------+---------+---------+-------
        D:1 |      12 |       0 |   0.0 |       6 |       0 |   0.0
        D:2 |      59 |      13 |  18.1 |      15 |       1 |   6.2
        D:3 |      79 |       0 |   0.0 |      13 |       0 |   0.0
            +---------+---------+-------+---------+---------+-------
